 Dungeon Crawl Stone Soup version 0.30-a0-140-gd1020e658a (webtiles) character file.

Game seed: 8631800292893418508

114 themarg the Magician (level 5, -6/35 HPs)
             Began as a Djinni Fire Elementalist on Sept 24, 2022.
             Mangled by an iguana (9 damage)
             ... on level 3 of the Dungeon.
             The game lasted 00:12:46 (3723 turns).

themarg the Magician (Djinni Fire Elementalist)     Turns: 3723, Time: 00:12:46

Health: -6/35      AC:  2    Str:  7    XL:     5   Next: 18%
Gold:   19         EV: 12    Int: 19    God:
                   SH:  0    Dex: 13

rFire   + + .      SeeInvis +    b - +0 dagger
rCold   x . .      Faith    .    (no shield)
rNeg    . . .      Spirit   .    a - +0 robe
rPois   ∞          Reflect  .    (no helmet)
rElec   .          Harm     .    (no cloak)
rCorr   .          Rampage  .    (no gloves)
Will    .....                    (boots unavailable)
Stlth   ++........               (no amulet)
HPRegen 0.11/turn                l - ring of see invisible
MPRegen 0.00/turn                (no ring)

@: flying
A: sickness immunity, fire resistance 2, cold vulnerability 1, float, innate
caster, HP casting, extra vitality 1
a: no special abilities


You were on level 3 of the Dungeon.
You visited 1 branch of the dungeon, and saw 4 of its levels.

You collected 79 gold pieces.
You spent 60 gold pieces at shops.

Inventory:

Hand Weapons
 b - a +0 dagger (weapon)
Missiles
 i - 15 poisoned darts
Armour
 a - a +0 robe (worn)
Jewellery
 l - a ring of see invisible (left hand)
Wands
 j - a wand of flame (18)
Scrolls
 c - 2 scrolls of immolation
 f - 2 scrolls of teleportation {unknown}
 k - 2 scrolls of noise
 m - a scroll of poison {unknown}
 o - a scroll of fog {unknown}
Potions
 d - a potion of attraction {unknown}
 e - 3 potions of magic
 g - a potion of curing
 h - a potion of berserk rage
 n - a potion of haste {unknown}


   Skills:
 - Level 2.1 Dodging
 - Level 3.0 Stealth
 + Level 3.6 Spellcasting


You couldn't memorise any spells.
You knew the following spells:

 Your Spells              Type           Power      Damage    Failure   Level
a - Foxfire               Conj/Fire      68%        2x1d7     3%          1
b - Scorch                Fire           34%        2d6       4%          2
c - Kindle Blastsparks    Fire/Tloc/Air  34%        2d12      10%         3
d - Inner Flame           Hex/Fire       17%        N/A       10%         3
e - Flame Wave            Conj/Fire      17%        2d7       30%         4
f - Slow                  Hex            68%        N/A       3%          1
g - Passwall              Tmut/Erth      14%        N/A       4%          2
Your spell library was empty.

Dungeon Overview and Level Annotations

Branches:
Dungeon (4/15)
 Temple: D:4-7

Altars:
Dithmenos
Gozag

Shops:
D:3 ?

Annotations:
D:2 exclusion: door, Sigmund


Innate Abilities, Weirdness & Mutations

You are immune to sickness and miasma.
You are immune to poison.
Your flesh is very heat resistant. (rF++)
You are vulnerable to cold. (rC-)
You float through the air rather than walking.
You learn spells naturally, not from books.
Your magical power is your life essence.
You have superior vitality. (+4 MHP)


Message History

Confirm with . or Enter, or press ? or * to list all spells.
Flames lash the iguana.
You kill the iguana!
You have reached level 5!
The power to cast Passwall wells up from within.
Spell assigned to 'g'.
Casting: Scorch (safe; 4% risk of failure)
Confirm with . or Enter, or press ? or * to list all spells.
You miscast Scorch.
You are very lightly contaminated with residual magic.
Nothing appears to happen.
Casting: Scorch (safe; 4% risk of failure)
Confirm with . or Enter, or press ? or * to list all spells.
Flames lash the ufetubus.
The ufetubus is burned terribly!
You kill the ufetubus!
The iguana closely misses you.
You fly upwards.
There is a stone staircase leading down here.
Casting: Scorch (safe; 4% risk of failure)
Confirm with . or Enter, or press ? or * to list all spells.
Flames lash the iguana.
The iguana is heavily wounded.
The iguana's fire resistance burns away.
The iguana closely misses you.
Casting: Scorch (safe; 4% risk of failure)
Confirm with . or Enter, or press ? or * to list all spells.
Flames lash the iguana.
The iguana is burned terribly!
The iguana is severely wounded.
The iguana closely misses you.
Casting: Scorch (safe; 4% risk of failure)
Confirm with . or Enter, or press ? or * to list all spells.
Flames lash the iguana.
The iguana is burned terribly!
The iguana is almost dead.
The iguana bites you!
* * * LOW HITPOINT WARNING * * *
Your magical contamination has completely faded away.
You closely miss the iguana.
The iguana is almost dead.
The iguana bites you!
You die...

####### #...... ##### #......
#...##############......
#......@l...............
##.....##########........
#########.................#.>....
.........._.....###########......
...###.#.........##### #...<..
##.###......⌠......).######......
#(.####..................#......
##..####....._.#....####.#######
####...##............# #.#


You could see an iguana (combustible).

Vanquished Creatures
  An iguana (D:4)
  2 adders
  An ufetubus (D:4)
  3 dart slugs
  4 endoplasms
  A giant cockroach (D:3)
  6 hobgoblins
  11 jackals
  3 kobolds
  2 quokkas
  4 ball pythons
  5 bats
  2 frilled lizards (D:3)
  4 goblins
  6 rats
55 creatures vanquished.

Vanquished Creatures (others)
  87 foxfires
87 creatures vanquished.

Grand Total: 142 creatures vanquished

Notes
Turn   | Place    | Note
-------+----------+-------------------------------------------
     0 | D:1      | themarg the Djinni Fire Elementalist began the quest for
                  | the Orb.
     0 | D:1      | themarg set off with the following spells memorised:
                  | Foxfire, Scorch, Kindle Blastsparks, Inner Flame, Flame
                  | Wave.
     0 | D:1      | Reached XP level 1. HP: 15/15 MP: 0/0
   170 | D:1      | Reached XP level 2. HP: 18/21 MP: 0/0
   277 | D:1      | Found a faded altar of an unknown god.
   992 | D:1      | Reached XP level 3. HP: 19/25 MP: 0/0
   992 | D:1      | Learned a level 1 spell: Slow
  2014 | D:2      | Noticed Sigmund
  2690 | D:2      | You are sucked into a shaft and drop 1 floor!
  2701 | D:3      | Reached XP level 4. HP: 25/31 MP: 0/0
  3039 | D:3      | Found a shadowy altar of Dithmenos.
  3189 | D:3      | Found an opulent altar of Gozag.
  3602 | D:3      | Found Gyjair Ynoh's Magic Scroll Shop.
  3620 | D:3      | Bought 3 scrolls of identify for 60 gold pieces
  3716 | D:4      | Reached XP level 5. HP: 25/35 MP: 0/0
  3716 | D:4      | Learned a level 2 spell: Passwall
  3723 | D:3      | Mangled by an iguana

Illustrated notes

Levels and vault maps discovered:
D:1:      saegor_arrival_simple_b, layout_loops_ring, basic_ecumenical_altar
D:2:      layout_basic, basic_altar, uniq_sigmund
D:3:      layout_rooms, grunt_temple_overflow_open, serial_shops, shop_scrolls
D:4:      layout_cave_pools, gup_sewer_entry_bubbles, uniq_natasha

Skill      XL: |  1  2  3  4 |
---------------+-------------+-----
Stealth        | 2 3 |  3.0
Spellcasting   | 3 |  3.6
Dodging        | |  2.1

Action                   |  1- 3 |  4- 6 || total
-------------------------+-------+-------++-------
Melee: Dagger            |    14 |     1 ||    15
       Punch             |     1 |       ||     1
 Cast: Foxfire           |    43 |    30 ||    73
       Scorch            |    18 |    14 ||    32
  Use: Scroll            |       |     5 ||     5
Armor: Robe              |     3 |       ||     3
Dodge: Dodged            |    19 |     5 ||    24

Table legend: (Time is in decaauts)
 A = Elapsed time spent in this place.
 B = Non-inter-level travel time spent in this place.
 C = Inter-level travel time spent in this place.
 D = Time resting spent in this place.
 E = Time spent auto-exploring this place.
 F = Levels seen in this place.
 G = Mean time per level.
                   A        B        C        D        E       F      G
               +--------+--------+--------+--------+--------+-----+--------+
         Total |   3723 |   3631 |     92 |   1372 |   1804 |   4 |  930.8 |
       Dungeon |   3723 |   3631 |     92 |   1372 |   1804 |   4 |  930.8 |
               +--------+--------+--------+--------+--------+-----+--------+

Top non-repeatable levels by time:
     D:2: 1470 daAuts
     D:1: 1450 daAuts
     D:3: 785 daAuts
     D:4: 16 daAuts
